 Dungeon Crawl Stone Soup version 0.13.0-15-g9204fa6 (webtiles) character file.

272 Malachi the Vexing (level 4, 25/25 HPs)
             Began as a Deep Elf Arcane Marksman on Oct 20, 2013.
             Quit the game on Level 2 of the Dungeon.
             The game lasted 00:03:21 (2129 turns).

Malachi the Vexing (Deep Elf Arcane Marksman)       Turns: 2129, Time: 00:03:22

HP  25/25        AC  7     Str  8      XL: 4   Next:  1%
MP  11/11        EV 13     Int 18      God:
Gold 204         SH  0     Dex 15      Spells:  1 memorised,  9 levels left

Res.Fire  : . . .   See Invis. : .   g - +2,+0 elf short sword
Res.Cold  : . . .   Warding    : .   a - +0 elf robe
Life Prot.: . . .   Conserve   : .   (no shield)
Res.Poison: .       Res.Corr.  : .   (no helmet)
Res.Elec. : .       Clarity    : .   (no cloak)
Sust.Abil.: . .     Spirit.Shd : .   (no gloves)
Res.Mut.  : .       Stasis     : .   (no boots)
Res.Rott. : .       Flight     : .   (no amulet)
Saprovore : . . .                    (no ring)
                                     t - +5 ring of protection

@: slightly resistant to hostile enchantments, unstealthy
A: no striking features
a: no special abilities


You were on level 2 of the Dungeon.
You were very hungry.

You visited 1 branch of the dungeon, and saw 2 of its levels.

You collected 154 gold pieces.

Inventory:

Hand weapons
 b - a +0,+0 elven bow
 g - a +2,+0 elven short sword (weapon)
Missiles
 l - 8 arrows
 m - 3 javelins (quivered)
Armour
 a - a +0 elven robe (worn)
Magical devices
 s - a wand of flame (18) {unknown}
Comestibles
 f - a bread ration
 h - an apricot
 p - a rambutan
Scrolls
 c - a scroll of noise {unknown}
 e - 2 scrolls of remove curse {unknown}
 i - a scroll of recharging {unknown}
 j - a scroll of identify
Jewellery
 q - an uncursed amulet of faith {unknown}
 t - a +5 ring of protection (left hand)
Potions
 k - 2 potions of speed {unknown}
 n - 3 potions of invisibility {unknown}
 o - a potion of curing {unknown}
 r - a potion of confusion {unknown}
Books
 d - a book of Debilitation

   Spells                             Type                      Level
   *Corona                            Hexes                        1
   Slow                               Hexes                        2
   Inner Flame                        Hexes/Fire                   3
   Enslavement                        Hexes                        4
   Cause Fear                         Hexes                        4
   Leda's Liquefaction                Hexes/Earth                  4


   Skills:
 + Level 0.7 Fighting
 + Level 0.2 Short Blades
 + Level 3.5 Bows
 - Level 0.4 Throwing
 + Level 2.9 Dodging
 - Level 0.3 Stealth
 + Level 3.6 Spellcasting
 + Level 4.4 Hexes


You had 9 spell levels left.
You knew the following spells:

 Your Spells              Type           Power        Failure   Level  Hunger
a - Corona                Hex            ###....      2%          1    None


Dungeon Overview and Level Annotations

Branches:
Dungeon (2/27)

Altars:


Message History

The hobgoblin hits you with an orcish club.
You hit the hobgoblin.
You kill the hobgoblin!
You have reached level 4!
You feel clever.
Things that are here:
an orcish club; a hobgoblin corpse
There is a stone staircase leading up here.
Found a stone staircase leading up.
All of the chunks of flesh in your inventory have completely rotted away.
You are feeling very hungry.
HP restored.
Key pressed, stopping explore.
Partly explored, can't reach some items.
Partly explored, can't reach some items.
Partly explored, can't reach some items.
Partly explored, can't reach some items.
There is a stone staircase leading down here.
There is a stone staircase leading up here.
Are you sure you want to abandon this character and quit the game? (Confirm with "yes".)

.#...###.##...#.#####.....####.##
.#.......................).......
.#.....#.######.#####............
.#.....#.# #.# ###......#.##
.#....##.# #.# ####...#...
.##.####.# #.# ##.##.PP .##># #.#
#.# ####.##.P$ .##.# #.#
#.########....##.P$ .##.# #.#
#.@...........%..P$ .##.# #.#
##########....##.PP
.##.####.##################.##...
............................##...
....####.##...###....############
.........##...###....############
...........%.....................
#####......##########......######
#......# #......#


There were no monsters in sight!

Vanquished Creatures
  2 adders (D:2)
  A giant mite (D:1)
  An ooze (D:2)
  2 bats (D:1)
  12 hobgoblins
  2 jackals (D:2)
  6 kobolds
  2 giant newts (D:2)
  8 goblins
  6 rats
42 creatures vanquished.

Notes
Turn   | Place    | Note
--------------------------------------------------------------
     0 | D:1      | Malachi, the Deep Elf Arcane Marksman, began the quest for the Orb.
     0 | D:1      | Reached XP level 1. HP: 12/12 MP: 2/2
   317 | D:1      | Reached XP level 2. HP: 16/16 MP: 5/5
  1028 | D:1      | Reached XP level 3. HP: 5/20 MP: 8/8
  1957 | D:2      | Reached XP level 4. HP: 16/25 MP: 11/11
  2129 | D:2      | Quit the game

Action                   |  1- 3 |  4- 6 || total
-------------------------+-------+-------++-------
Melee: Short sword       |    99 |       ||    99
 Fire: Bow               |    58 |       ||    58
Throw: Javelin           |    16 |       ||    16
 Cast: Corona            |     8 |       ||     8
  Use: Scroll            |     1 |       ||     1
 Stab: Sleeping          |     2 |       ||     2
